 Dungeon Crawl Stone Soup version 0.31.0-10-gcf4a605ca0 (webtiles) character file.

Game seed: 4008112533739678008

423 hawla the Changeling (level 6, 0/45 HPs)
             Began as a Felid Shapeshifter on Jan 25, 2024.
             Slain by an orc priest
             ... wielding a +0 hand axe
              (3 damage)
             ... on level 4 of the Dungeon.
             The game lasted 00:10:05 (3624 turns).

hawla the Changeling (Felid Shapeshifter)           Turns: 3624, Time: 00:10:05

Health: 0/45       AC: 23    Str: 12    XL:     6   Next: 63%
Magic:  7/7        EV:  4    Int: 14    God:
Gold:   73         SH:  0    Dex: 15    Spells: 5/5 levels left
                                        Lives:  0   Deaths: 2

rFire   . .          .
                       - Unarmed
rCold   . . .        (shield unavailable)
rNeg    . . .        (body armour unavailable)
rPois   +            (helmet unavailable)
rElec   .            (cloak unavailable)
rCorr   .            (gloves unavailable)
SInv    +            (boots unavailable)
Will    .....        (no amulet)
Stlth   +            g - ring of poison resistance
HPRegen 0.27/turn    (no ring)
MPRegen 0.10/turn

%: no passive effects
@: tree-form, attractive, hasted, very quick
A: stationary, stasis, torment immunity, boosted hp, very small, (claws 1),
(fangs 3), see invisible, (shaggy fur 2), (stealthy paws), no weapons or thrown
items, no armour, multi-lived
a: no special abilities


You were on level 4 of the Dungeon.
You were a tree.
You visited 1 branch of the dungeon, and saw 4 of its levels.
You also visited: Sewer.

You collected 232 gold pieces.
You spent 159 gold pieces at shops.

Inventory:

Jewellery
 g - a ring of poison resistance (left branch)
Talismans
 b - a beast talisman
 c - a flux talisman
Scrolls
 e - a scroll of torment
 j - a scroll of identify
 l - a scroll of revelation {unknown}
Potions
 f - a potion of attraction
 h - a potion of might {unknown}
 k - 2 potions of brilliance
 m - a potion of heal wounds {unknown}


   Skills:
 - Level 1.0 Fighting
 - Level 2.6 Dodging
 - Level 4.0 Unarmed Combat
 + Level 6.0 Shapeshifting


You had 5 spell levels left.
You didn't know any spells.
Your spell library contained the following spells:

 Spells                   Type           Power      Damage    Failure   Level
 Magic Dart               Conj           0%         1d3       28%         1
 Blink                    Tloc           0%         N/A       41%         2
 Call Imp                 Summ           0%         N/A       41%         2
 Ensorcelled Hibernation  Hex/Ice        0%         N/A       41%         2
 Searing Ray              Conj           0%         2d4       41%         2
 Passwall                 Erth           0%         N/A       65%         3
 Swiftness                Air            0%         N/A       65%         3
 Fulminant Prism          Conj/Alch      0%         3d5       96%         4
 Haunt                    Necr/Summ      0%         N/A       100%        7
 Borgnjor's Revivificati  Necr           0%         N/A       100%        8
 Death's Door             Necr           0%         N/A       100%        9


Dungeon Overview and Level Annotations

Branches:
Dungeon (4/15)              Sewer (visited)
 Temple: D:4-7

Altars:
Gozag
Okawaru
Wu Jian

Shops:
D:3 *


Innate Abilities, Weirdness & Mutations

You are a tree.
Your roots penetrate the ground, keeping you stationary.
You cannot be teleported.
You are immune to unholy pain and torment.
Your maximum health is greatly increased.
((You have sharp claws.))
((You have razor-sharp teeth.))
You have supernaturally acute eyesight. (SInv)
((You are covered in thick fur. (AC +2)))
((Your paws help you pounce on unaware monsters.))
You are incapable of wielding weapons or throwing items.
You cannot wear armour.
You gain extra lives every three experience levels.


Message History

The orc closely misses you. The orc priest is attracted toward you.
The orc is attracted toward you.
The air fills with toxic fumes!
As you read the scroll of poison, it crumbles to dust.
The orc closely misses you. The orc is attracted toward you.
You scratch the orc. Your bite misses the orc.
The orc is heavily wounded.
The orc is engulfed in poison gas.
The orc is poisoned.
The orc closely misses you.
The orc priest calls upon Beogh to heal the orc.
The orc's wounds heal themselves!
You scratch the orc.
The orc is heavily wounded.
The orc hits you with a +0 whip.
The orc is engulfed in poison gas.
The orc looks even sicker.
You kill the orc!
The orc priest closely misses you. The orc priest is attracted toward you.
It was a potion of haste.
You feel yourself speed up. The orc closely misses you.
The orc priest is engulfed in poison gas.
The orc priest is poisoned.
The orc priest calls upon Beogh to heal the orc.
The orc's wounds heal themselves!
Your transformation has ended.
You turn into a tree.
Your roots penetrate the ground.
The orc hits you but does no damage.
You smack the orc!
You kill the orc!
The orc priest is engulfed in poison gas.
The orc priest looks even sicker.
You kill the orc priest!
Your Shapeshifting skill increases to level 6!
You barely miss the orc priest. You barely miss the orc priest.
The orc priest calls down the wrath of Beogh upon you.
Beogh smites you!
* * * LOW HITPOINT WARNING * * *
You barely miss the orc priest.
The orc priest hits you with a +0 hand axe.
You die...

#..........####...##
##§§§§§☼§§§## ##..##
#☼§§§§§§§○## #.##
#§§☼§§§§§§# #.#
##○§#§§☼§§☼# #.##
##§§#☼§§§§§## #..#
###§§○☼§§§§§§☼## #..#
#.#§○§§§§§☼☼§§○######..#
#..##§§♣o§§☼§○§.......##
######§☼§..§§§§........#
##○§.§.§§§.........
##§§☼§§☼○.........
#☼§☼§.§○.........
#.§☼§§§§§.........
...§☼§§§☼☼.........
#...#§§§§§☼§#........
....###...............


You could see an orc priest.

Vanquished Creatures
  Pargi (Sewer)
  A brain worm (Sewer)
  2 hounds (D:4)
  An orc priest (D:4)
  An orc wizard (D:3)
  5 adders
  A river rat (D:4)
  2 ribbon worms
  3 dart slugs
  7 orcs
  11 ball pythons
  8 endoplasms
  4 giant cockroaches
  9 hobgoblins
  2 quokkas
  3 bats
  3 frilled lizards (Sewer)
  10 goblins
  4 kobolds
  6 rats
84 creatures vanquished.

Notes
Turn   | Place    | Note
-------+----------+-------------------------------------------
     0 | D:1      | hawla the Felid Shapeshifter began the quest for the Orb.
     0 | D:1      | Reached XP level 1. HP: 10/10 MP: 2/2
   128 | D:1      | Reached XP level 2. HP: 14/14 MP: 3/3
   134 | D:1      | Reached skill level 3 in Shapeshifting
   729 | D:1      | Reached XP level 3. HP: 18/18 MP: 4/4
   828 | D:1      | Found a faded altar of an unknown god.
   998 | D:2      | Found an iron altar of Okawaru.
  1778 | D:3      | Reached XP level 4. HP: 20/22 MP: 5/5
  1778 | D:3      | Gained a life (2 lives remaining)
  1826 | D:3      | Found an opulent altar of Gozag.
  1939 | D:3      | Slain by an orc
  1939 | D:3      | Lost a life (1 life remaining)
  2037 | D:3      | Reached skill level 4 in Shapeshifting
  2229 | D:3      | Found an iron altar of Okawaru.
  2271 | D:3      | Found Jakhael's Assorted Antiques.
  2349 | D:3      | Bought a scroll labelled IVVYRI WUL VUN for 27 gold pieces
  2349 | D:3      | Bought a scroll of identify for 54 gold pieces
  2349 | D:3      | Bought a murky amethyst potion for 24 gold pieces
  2380 | D:3      | Bought a scroll of identify for 54 gold pieces
  2665 | D:4      | Found an ornate altar of the Wu Jian Council.
  2672 | D:4      | Noticed an ice beast
  2781 | D:3      | Reached XP level 5. HP: 7/25 MP: 6/6
  3122 | D:4      | Found a glowing drain.
  3131 | D:4      | Reached skill level 5 in Shapeshifting
  3143 | Sewer    | Entered a sewer
  3240 | Sewer    | Gained mutation: You are covered in thick fur. (AC +2)
                  | [Felid growth]
  3240 | Sewer    | Reached XP level 6. HP: 14/30 MP: 4/7
  3305 | Sewer    | Noticed Pargi
  3317 | Sewer    | Slain by Pargi
  3317 | Sewer    | Lost a life (0 lives remaining)
  3333 | Sewer    | Killed Pargi
  3622 | D:4      | Reached skill level 6 in Shapeshifting
  3623 | D:4      | HP: 2/45 [orc priest/divine providence (14)]
  3624 | D:4      | Slain by an orc priest

Illustrated notes

Levels and vault maps discovered:
D:1:      dpeg_arrival_simpleton_a, layout_basic,
          dilly_ecumenical_altar_fadedgnrine
D:2:      wander_river, layout_loops_ring, basic_altar, grunt_ministairs_6
D:3:      layout_basic, nicolae_overflow_hidden_temple, lemuel_doored_altar,
          serial_shops, shop
D:4:      layout_layer_cave, overflow_temple_1_default,
          lemuel_coloured_pillars_altar, portal_sewer_entry_b

Skill      XL: |  1  2  3  4  5  6 |
---------------+-------------------+-----
Shapeshifting  | 3 4 5 6 |  6.0
Unarmed Combat | 4 |  4.0
Fighting       | |  1.0
Dodging        | |  2.6

Action                     |  1- 3 |  4- 6 || total
---------------------------+-------+-------++-------
  Melee: Unarmed           |   100 |   132 ||   232
         Bite              |    10 |    11 ||    21
         Punch             |     1 |     2 ||     3
    Use: Scroll            |     3 |    11 ||    14
         Potion            |       |     3 ||     3
   Stab: Sleeping          |     4 |     1 ||     5
 Armour: Skin              |    23 |    57 ||    80
  Dodge: Dodged            |    69 |   133 ||   202
